 Dungeon Crawl Stone Soup version 0.26-a0-1191-ge2a0e31ab3 (webtiles) character file.

Game seed: 9264518478341387360

1673 loralnil the Insei (level 9, 0/66 HPs)
             Began as a Gnoll Transmuter on Dec 28, 2020.
             Was an Initiate of Cheibriados.
             Slain by a sky beast (6 damage)
             ... on level 6 of the Dungeon.
             The game lasted 00:08:36 (6276 turns).

loralnil the Insei (Gnoll Transmuter)               Turns: 6276, Time: 00:08:37

Health: 0/66       AC:  2    Str: 15    XL:     9   Next: 1%
Magic:  25/27      EV: 26    Int: 18    God:    Cheibriados [......]
Gold:   328        SH:  0    Dex: 22    Spells: 14/20 levels left

rFire    . . .     SeeInvis .     - Unarmed
rCold    . . .     Faith    .   (shield currently unavailable)
rNeg     . . .     Spirit   .   (armour currently unavailable)
rPois    x         Reflect  .   (helmet currently unavailable)
rElec    .         Harm     .   (cloak currently unavailable)
rCorr    .         Rampage  .   (gloves currently unavailable)
Will     .....                  (boots currently unavailable)
Stlth    +++.......             (no amulet)
HPRegen  0.21/turn              j - ring of magical power
MPRegen  0.20/turn              w - ring of flight

@: spider-form, very slow
A: tiny, distributed training, strong nose
a: End Transformation, Renounce Religion, Evoke Flight, Bend Time


You were on level 6 of the Dungeon.
You worshipped Cheibriados.
Cheibriados was noncommittal.
You were a venomous arachnid creature.
You visited 2 branches of the dungeon, and saw 7 of its levels.

You collected 328 gold pieces.

Inventory:

Armour
 a - a +0 robe (melded)
 h - a scarf of resistance (melded)
 m - a +0 kite shield
 u - a +0 pair of gloves (melded)
 v - a +0 kite shield
Jewellery
 j - a ring of magical power (left front leg)
 w - a ring of flight (right front leg)
Wands
 f - a wand of paralysis (2)
Scrolls
 b - a scroll of magic mapping {unknown}
 d - 2 scrolls of enchant weapon {unknown}
 g - 2 scrolls of enchant armour {unknown}
 i - 2 scrolls of remove curse {unknown}
 k - a scroll of teleportation
 n - a scroll of immolation {unknown}
 q - 3 scrolls of amnesia {unknown}
 r - a scroll of fear
 s - a scroll of blinking
Potions
 c - 2 potions of flight
 e - 2 potions of ambrosia
 l - a potion of magic
 o - a potion of invisibility {unknown}
 p - a potion of berserk rage {unknown}


   Skills:
 + Level 4.6 Fighting
 + Level 3.7 Short Blades
 + Level 3.7 Long Blades
 + Level 3.7 Axes
 + Level 3.7 Maces & Flails
 + Level 3.7 Polearms
 + Level 3.7 Staves
 + Level 3.7 Slings
 + Level 3.7 Bows
 + Level 3.7 Crossbows
 + Level 3.7 Throwing
 + Level 3.7 Armour
 + Level 6.0 Dodging
 + Level 3.7 Stealth
 + Level 3.7 Shields
 + Level 7.6 Unarmed Combat
 + Level 6.3 Spellcasting
 + Level 3.1 Conjurations
 + Level 3.1 Hexes
 + Level 3.1 Summonings
 + Level 3.1 Necromancy
 + Level 3.1 Translocations
 + Level 5.0 Transmutations
 + Level 3.1 Fire Magic
 + Level 3.1 Ice Magic
 + Level 3.1 Air Magic
 + Level 3.1 Earth Magic
 + Level 3.1 Poison Magic
 + Level 4.1 Invocations
 + Level 3.7 Evocations


You had 14 spell levels left.
You knew the following spells:

 Your Spells              Type           Power        Failure   Level
a - Beastly Appendage     Tmut           46%          7%          1
b - Wereblood             Tmut           23%          9%          2
c - Spider Form           Tmut/Pois      10%          19%         3

Your spell library contained the following spells:

 Spells                   Type           Power        Failure   Level
 Ice Form                 Ice/Tmut       20%          43%         4
 Blade Hands              Tmut           11%          61%         5


Dungeon Overview and Level Annotations

Branches:
Dungeon (6/15)             Temple (1/1) D:6

Altars:
Ashenzari
Cheibriados
Fedhas
Okawaru
Qazlal
Vehumet
The Shining One


Innate Abilities, Weirdness & Mutations

Your experience applies equally to all skills.
((You have very sharp teeth.))
Your uncanny sense of smell can sniff out nearby items.


Message History

The orc completely misses you.
You hit the orc but do no damage.
The orc is severely wounded.
The sky beast hits you.
* * * LOW HITPOINT WARNING * * *
The sky beast shocks you.
* * * LOW HITPOINT WARNING * * *
The orc barely misses you.
You bite the orc!
You kill the orc!
Cheibriados appreciates the change of pace.
The sky beast completely misses you.
Okay, then.
You feel better. The sky beast closely misses you.
You bite the sky beast!
The sky beast is poisoned.
The sky beast is moderately wounded.
The sky beast hits you.
* * * LOW HITPOINT WARNING * * *
The sky beast shocks you.
You die...

#...................
#..#...#...#...#...#
#...#.#...#$#...#(#.
#....#...#...#...# .
#.........c...... o
#..#...# .#...#. #
#.(.#.# ..#.#...#
#(...#...#...# .
#((s)........
#(Y#...#...
#.))#.#...# ∆
#...Y#...#.
#..........
#..........
###########


You could see a sky beast (very poisoned).

Vanquished Creatures
  Pikel (D:5)
  Menkaure (D:5)
  An orc warrior (D:6)
  4 ogres
  2 centaurs
  A howler monkey (D:4)
  A quasit (D:6)
  A bullfrog skeleton (D:5)
  A hound (D:4)
  An orc wizard (D:6)
  A centaur skeleton (D:4)
  3 worker ants
  A hound zombie (D:6)
  A hound skeleton (D:6)
  Robin (D:2)
  10 adders
  2 ufetubi (D:5)
  An adder skeleton (D:4)
  4 worms
  A dart slug (D:1)
  A leopard gecko (D:1)
  8 orcs
  2 ball pythons
  9 giant cockroaches
  13 goblins
  9 hobgoblins
  9 jackals
  7 kobolds
  3 quokkas
  3 bats
  3 frilled lizards
  4 rats
110 creatures vanquished.

Notes
Turn   | Place    | Note
-------+----------+-------------------------------------------
     0 | D:1      | loralnil the Gnoll Transmuter began the quest for the Orb.
     0 | D:1      | Reached XP level 1. HP: 17/17 MP: 6/6
   120 | D:1      | Reached XP level 2. HP: 23/23 MP: 5/7
   759 | D:2      | Reached XP level 3. HP: 28/28 MP: 7/9
   763 | D:2      | Learned a level 2 spell: Wereblood
   767 | D:2      | Learned a level 3 spell: Spider Form
   807 | D:2      | Reached skill level 5 in Spellcasting
   813 | D:2      | Reached skill level 1 in Invocations
   833 | D:2      | Reached skill level 1 in Short Blades
   833 | D:2      | Reached skill level 1 in Long Blades
   833 | D:2      | Reached skill level 1 in Axes
   833 | D:2      | Reached skill level 1 in Maces & Flails
   833 | D:2      | Reached skill level 1 in Polearms
   833 | D:2      | Reached skill level 1 in Staves
   833 | D:2      | Reached skill level 1 in Slings
   833 | D:2      | Reached skill level 1 in Bows
   833 | D:2      | Reached skill level 1 in Crossbows
   833 | D:2      | Reached skill level 1 in Throwing
   833 | D:2      | Reached skill level 1 in Armour
   833 | D:2      | Reached skill level 1 in Stealth
   833 | D:2      | Reached skill level 1 in Shields
   833 | D:2      | Reached skill level 1 in Evocations
  1125 | D:2      | Found an iron altar of Okawaru.
  1168 | D:2      | Found a blossoming altar of Fedhas.
  1174 | D:2      | Reached XP level 4. HP: 34/34 MP: 9/11
  1510 | D:2      | Noticed Robin
  1674 | D:2      | Killed Robin
  1675 | D:2      | Reached skill level 1 in Conjurations
  1675 | D:2      | Reached skill level 1 in Hexes
  1675 | D:2      | Reached skill level 1 in Summonings
  1675 | D:2      | Reached skill level 1 in Necromancy
  1675 | D:2      | Reached skill level 1 in Translocations
  1675 | D:2      | Reached skill level 1 in Fire Magic
  1675 | D:2      | Reached skill level 1 in Ice Magic
  1675 | D:2      | Reached skill level 1 in Air Magic
  1675 | D:2      | Reached skill level 1 in Earth Magic
  1675 | D:2      | Reached skill level 1 in Poison Magic
  2536 | D:3      | Reached XP level 5. HP: 37/40 MP: 10/12
  3654 | D:4      | Reached XP level 6. HP: 47/47 MP: 11/13
  4205 | D:4      | Reached skill level 5 in Dodging
  4721 | D:5      | Entered Level 5 of the Dungeon
  4731 | D:5      | Found a radiant altar of Vehumet.
  4960 | D:5      | Reached skill level 7 in Unarmed Combat
  4960 | D:5      | Reached XP level 7. HP: 51/52 MP: 15/15
  5058 | D:5      | Noticed Menkaure
  5072 | D:5      | Killed Menkaure
  5577 | D:5      | Reached XP level 8. HP: 55/60 MP: 16/16
  5577 | D:5      | Noticed Pikel
  5579 | D:5      | Paralysed by Pikel for 7 turns
  5921 | D:5      | Paralysed by Pikel for 6 turns
  5923 | D:5      | Killed Pikel
  6073 | D:6      | Found a staircase to the Ecumenical Temple.
  6090 | Temple   | Entered the Ecumenical Temple
  6134 | Temple   | Became a worshipper of Cheibriados the Contemplative
  6232 | D:6      | Identified the +1 robe of Modern Wonder {rC+}
  6247 | D:6      | Noticed a gargoyle
  6269 | D:6      | Reached skill level 5 in Transmutations
  6269 | D:6      | Reached XP level 9. HP: 11/66 MP: 18/18
  6273 | D:6      | HP: 1/66 [sky beast (6)]
  6276 | D:6      | Slain by a sky beast

Illustrated notes

Levels and vault maps discovered:
D:1:      grunt_arrival_crossed_arrows, layout_loops_cross
D:2:      layout_basic, overflow_temple_1_default, kennysheep_okawaru_gauntlet,
          uniq_robin
D:3:      layout_basic
D:4:      layout_layer_cave
D:5:      layout_basic, vehumet_crystals, kennysheep_generic_room_16,
          uniq_pikel, uniq_menkaure
D:6:      cheibrodos_fzero, layout_basic, kiku_gazebo_garden_becter,
          lemuel_doored_altar, elyvilon_altar_5, nemelex_altar_shiori,
          general_overflow_altar, minmay_temple_entry_drinking_statues
Temple:   bh_familiar_temple

Skill      XL: |  1  2  3  4  5  6  7  8 |
---------------+-------------------------+-----
Spellcasting   | 5 6 |  6.3
Invocations    | 1 2 3 4 |  4.1
Short Blades   | 1 2 3 |  3.7
Long Blades    | 1 2 3 |  3.7
Axes           | 1 2 3 |  3.7
Maces & Flails | 1 2 3 |  3.7
Polearms       | 1 2 3 |  3.7
Staves         | 1 2 3 |  3.7
Slings         | 1 2 3 |  3.7
Bows           | 1 2 3 |  3.7
Crossbows      | 1 2 3 |  3.7
Throwing       | 1 2 3 |  3.7
Armour         | 1 2 3 |  3.7
Stealth        | 1 2 3 |  3.7
Shields        | 1 2 3 |  3.7
Evocations     | 1 2 3 |  3.7
Conjurations   | 1 2 3 |  3.1
Hexes          | 1 2 3 |  3.1
Summonings     | 1 2 3 |  3.1
Necromancy     | 1 2 3 |  3.1
Translocations | 1 2 3 |  3.1
Fire Magic     | 1 2 3 |  3.1
Ice Magic      | 1 2 3 |  3.1
Air Magic      | 1 2 3 |  3.1
Earth Magic    | 1 2 3 |  3.1
Poison Magic   | 1 2 3 |  3.1
Fighting       | 3 4 |  4.6
Transmutations | 4 5 |  5.0
Dodging        | 5 6 |  6.0
Unarmed Combat | 7 |  7.6

Action                   |  1- 3 |  4- 6 |  7- 9 || total
-------------------------+-------+-------+-------++-------
Melee: Unarmed           |    64 |   148 |    81 ||   293
       Kick              |    15 |    21 |    12 ||    48
       Headbutt          |     8 |    20 |     5 ||    33
       Bite              |     5 |     9 |     4 ||    18
       Punch             |       |     6 |     1 ||     7
 Cast: Beastly Appendage |    21 |    35 |     7 ||    63
       Spider Form       |       |     4 |     8 ||    12
  Use: Potion            |     1 |       |     3 ||     4
       Scroll            |       |     7 |     4 ||    11
 Stab: Sleeping          |     3 |     1 |     1 ||     5
Armor: Robe              |     5 |    11 |     4 ||    20
       Skin              |       |       |     4 ||     4
Dodge: Dodged            |    37 |   122 |    93 ||   252

Table legend: (Time is in decaauts)
 A = Elapsed time spent in this place.
 B = Non-inter-level travel time spent in this place.
 C = Inter-level travel time spent in this place.
 D = Time resting spent in this place.
 E = Time spent auto-exploring this place.
 F = Levels seen in this place.
 G = Mean time per level.
                   A        B        C        D        E       F      G
               +--------+--------+--------+--------+--------+-----+--------+
         Total |   6257 |   6093 |    164 |      1 |   5133 |   7 |  893.9 |
       Dungeon |   6179 |   6015 |    164 |      1 |   5102 |   6 | 1029.8 |
        Temple |     78 |     78 |      0 |      0 |     31 |   1 |   78.0 |
               +--------+--------+--------+--------+--------+-----+--------+

Top non-repeatable levels by time:
     D:4: 1459 daAuts
     D:5: 1326 daAuts
     D:2: 1283 daAuts
     D:3: 1151 daAuts
     D:1: 802 daAuts
     D:6: 155 daAuts
  Temple: 78 daAuts
